AoeStats
← jphilkill

Black Forest

507427586Analyzed
4v4 RM · 15d ago on Sep 18, 2026· 47m 33s· 8 players
Game mode
Random Map
Map size
Large (8 player)
Population
200
Speed
Normal
Resources
Standard
Victory
Conquest
Starting age
Dark Age
Ending age
Imperial Age
RankedLock teamsTeams togetherTeam positionsShared explorationLock speedFull tech treeHidden civsTurbo modeCheats
Victory
Defeat
🇺🇸 Italians · United States
1019
+9
🇵🇪 Franks · Peru
970
+11
🇨🇳 Persians · China
948
+12
🇨🇦 Spanish · Canada
928
+12
🇩🇪 Celts · Germany
884
-12
🇨🇱 Britons · Chile
868
-12
🇨🇳 Poles · China
831
-10
🇲🇴 Franks · Macao SAR China
820
-10
614Superdry
9:36 Loom
12:15 Feudal Age
12:57 Horse Collar
13:26 Double-Bit Axe
18:28 Castle Age
17:05 Gold Mining
17:09 Stone Mining
19:29 Bow Saw
19:24 Heavy Plow
22:06 Wheelbarrow
22:22 Stone Shaft Mining
27:00 Hand Cart
28:47 Ballistics
29:24 Thumb Ring
33:08 Imperial Age
31:09 Town Watch
31:56 Thumb Ring
32:05 Masonry
31:51 Fletching
32:03 Padded Archer Armor
32:13 Forging
32:52 Bodkin Arrow
34:40 Iron Casting
34:20 Leather Archer Armor
34:28 Conscription
33:28 Elite Conquistador
35:14 Chemistry
34:32 Bloodlines
34:22 Husbandry
35:02 Caravan
36:12 Two-Man Saw
35:08 Cavalier
36:31 Bracer
37:31 Blast Furnace
36:59 Paladin
38:47 Scale Barding Armor
41:18 Squires
41:03 Arson
40:38 Pikeman
42:47 Scale Mail Armor
43:17 Ring Archer Armor
43:08 Chain Barding Armor
46:24 Halberdier
48:09 Town Patrol
Sri harsha
1:21 Loom
12:32 Feudal Age
13:47 Double-Bit Axe
16:33 Castle Age
17:32 Horse Collar
18:38 Bow Saw
23:01 Heavy Plow
25:30 Gold Mining
26:28 Caravan
31:48 Imperial Age
29:56 Wheelbarrow
30:07 Stone Mining
30:50 Ballistics
30:25 Fletching
30:36 Padded Archer Armor
31:06 Silk Road
31:23 Pikeman
32:04 Squires
31:48 Elite Skirmisher
32:34 Thumb Ring
32:28 Bodkin Arrow
32:48 Leather Archer Armor
34:13 Conscription
35:10 Two-Man Saw
37:08 Chemistry
35:50 Elite Genoese Crossbowman
37:47 Capped Ram
38:36 Bracer
39:06 Ring Archer Armor
43:02 Pikeman
43:42 Squires
asaenzb16_1
0:55 Loom
16:13 Feudal Age
17:36 Wheelbarrow
17:10 Double-Bit Axe
22:36 Castle Age
23:44 Hand Cart
24:38 Bow Saw
27:15 Gold Mining
28:18 Forging
28:31 Scale Barding Armor
29:35 Gold Shaft Mining
30:48 Stone Mining
31:03 Caravan
31:09 Husbandry
36:37 Imperial Age
36:14 Iron Casting
35:30 Fletching
35:28 Elite Skirmisher
36:40 Ballistics
36:51 Chain Barding Armor
36:56 Padded Archer Armor
36:46 Cavalier
38:37 Paladin
40:48 Conscription
42:49 Blast Furnace
42:08 Leather Archer Armor
42:31 Chivalry
43:25 Bodkin Arrow
44:08 Plate Barding Armor
43:36 Scale Mail Armor
44:38 Chemistry
43:22 Light Cavalry
45:30 Siege Engineers
45:36 Masonry
fly
0:29 Loom
12:31 Feudal Age
14:36 Double-Bit Axe
17:38 Castle Age
15:32 Horse Collar
19:34 Bow Saw
25:26 Caravan
26:29 Fishing Lines
29:06 Wheelbarrow
33:19 Imperial Age
30:57 Gillnets
32:39 Forging
32:35 Scale Barding Armor
33:39 Elite War Elephant
34:42 Conscription
34:48 Chain Barding Armor
35:06 Iron Casting
34:55 Ballistics
35:38 Chemistry
35:32 Kamandaran
36:13 Plate Barding Armor
36:47 Blast Furnace
35:51 Padded Archer Armor
35:43 Fletching
36:28 Heavy Plow
36:45 Hand Cart
37:35 Two-Man Saw
36:48 Crossbowman
37:33 Thumb Ring
37:36 Bodkin Arrow
38:53 Husbandry
39:03 Bloodlines
39:13 Bloodlines
42:36 Leather Archer Armor
41:47 Light Cavalry
tambi
15:29 Feudal Age
16:45 Wheelbarrow
15:57 Double-Bit Axe
15:56 Horse Collar
24:04 Castle Age
25:34 Hand Cart
26:49 Stone Mining
29:30 Caravan
29:51 Heavy Plow
30:03 Bow Saw
30:54 Gold Mining
33:19 Gold Shaft Mining
34:57 Masonry
34:58 Fortified Wall
34:43 Murder Holes
36:46 Padded Archer Armor
36:37 Fletching
41:16 Imperial Age
42:24 Elite Longbowman
44:44 Yeomen
Shoigu! Gerasimov!!
1:36 Loom
12:00 Feudal Age
19:46 Castle Age
19:03 Double-Bit Axe
18:59 Horse Collar
32:15 Imperial Age
30:44 Wheelbarrow
30:36 Bloodlines
31:16 Szlachta Privileges
31:26 Town Watch
32:15 Scale Barding Armor
32:53 Bow Saw
32:39 Gold Mining
34:07 Chemistry
33:21 Heavy Plow
33:14 Cavalier
34:36 Forging
34:50 Conscription
35:16 Light Cavalry
36:21 Fishing Lines
37:15 Chain Barding Armor
37:48 Iron Casting
38:16 Scale Mail Armor
39:13 Squires
39:06 Pikeman
41:55 Husbandry
43:05 Chain Mail Armor
44:27 Fletching
jphilkill
0:58 Loom
16:50 Feudal Age
24:10 Castle Age
23:05 Double-Bit Axe
23:35 Horse Collar
23:49 Gold Mining
23:51 Stone Mining
28:16 Wheelbarrow
32:14 Bow Saw
35:39 Caravan
36:30 Fishing Lines
36:49 Pikeman
38:29 Heavy Plow
38:42 Scale Barding Armor
38:47 Forging
39:17 Gold Shaft Mining
39:19 Stone Shaft Mining
39:37 Scale Mail Armor
41:32 Hand Cart
45:32 Imperial Age
44:27 Fletching
45:39 Halberdier
46:39 Bodkin Arrow
46:17 Heavy Scorpion
Ngaiiii
13:06 Feudal Age
13:45 Double-Bit Axe
19:07 Castle Age
17:54 Stone Mining
19:30 Gold Mining
21:39 Bow Saw
28:33 Wheelbarrow
30:35 Imperial Age
28:48 Gold Shaft Mining
29:32 Hand Cart
31:00 Caravan
32:57 Conscription
32:38 Chivalry
33:19 Forging
33:06 Cavalier
33:54 Husbandry
33:59 Paladin
35:48 Capped Ram
38:25 Iron Casting
37:51 Scale Mail Armor
37:59 Scale Barding Armor
40:20 Chain Barding Armor
41:36 Plate Barding Armor
43:34 Blast Furnace
Connection lost

Rejoining the realm…

Still unreachable

The connection could not be restored.

Session expired

The server has moved on; the page needs a fresh start.